 Dungeon Crawl Stone Soup version 0.28-a0-429-g1448048969 (webtiles) character file.

Game seed: 14804136878820348198

7429 zezblit the Cleaver (level 10, 0/91 HPs)
             Began as a Minotaur Berserker on Sept 10, 2021.
             Was a Priest of Trog.
             Slain by a boulder beetle (17 damage)
             ... on level 8 of the Dungeon.
             The game lasted 00:48:03 (9777 turns).

zezblit the Cleaver (Minotaur Berserker)            Turns: 9777, Time: 00:48:04

Health: 0/91       AC: 19    Str: 24    XL:     10   Next: 93%
Magic:  9/9        EV:  7    Int:  4    God:    Trog [***...]
Gold:   525        SH: 10    Dex: 14    Spells: 9/9 levels left

rFire   + . .      SeeInvis .   A - +5 flail of Xyweixt {venom, rPois rF+ Str+3}
rCold   . . .      Faith    +   d - +0 kite shield
rNeg    . . .      Spirit   .   t - +0 plate armour
rPois   +          Reflect  .   (helmet restricted)
rElec   .          Harm     .   c - +2 cloak {rPois}
rCorr   .          Rampage  .   (no gloves)
Will    .....                   y - +0 pair of boots
Stlth   ..........              w - amulet of faith
HPRegen 0.25/turn               (no ring)
MPRegen 0.11/turn               (no ring)

@: no status effects
A: horns 2, retaliatory headbutt
a: Renounce Religion, Berserk, Trog's Hand


You were on level 8 of the Dungeon.
You worshipped Trog.
Trog was most pleased with you.
You visited 2 branches of the dungeon, and saw 9 of its levels.
You also visited: Sewer.

You collected 525 gold pieces.

Inventory:

Hand Weapons
 i - a +2 quarterstaff of chaos
 j - a +3 flail of holy wrath
 k - a +2 vampiric halberd
 m - a +1 whip of freezing
 A - the +5 flail of Xyweixt (weapon) {venom, rPois rF+ Str+3}
   (You found it on level 4 of the Dungeon)

   It poisons the flesh of those it strikes.
   Str:       It affects your strength (+3).
   rF:        It protects you from fire.
   rPois:     It protects you from poison.
 B - a +5 long sword
 F - a +0 great mace
 G - a +0 war axe
 L - a +3 dire flail
Missiles
 o - 3 throwing nets (quivered)
Armour
 c - a +2 cloak of poison resistance (worn)
 d - a +0 kite shield (worn)
 t - a +0 plate armour (worn)
 y - a +0 pair of boots (worn)
Jewellery
 w - an amulet of faith (around neck)
Wands
 l - a wand of polymorph (8)
 x - a wand of iceblast (10)
 I - a wand of charming (1)
 K - a wand of flame (12)
Scrolls
 a - a scroll of magic mapping {unknown}
 e - 3 scrolls of teleportation
 z - a scroll of blinking
 C - a scroll of immolation {unknown}
 D - a scroll of vulnerability {unknown}
 E - 2 scrolls of silence {unknown}
Potions
 b - a potion of mutation
 f - a potion of attraction
 g - 7 potions of curing
 h - a potion of ambrosia
 p - 2 potions of haste
 q - 2 potions of might
 r - 2 potions of magic {unknown}
 s - a potion of invisibility
 u - 2 potions of lignification
 v - a potion of cancellation {unknown}
 H - 2 potions of flight
 J - 2 potions of heal wounds {unknown}


   Skills:
 + Level 9.1 Fighting
 * Level 13.1 Axes
 + Level 10.7 Armour
 + Level 4.4 Dodging
 * Level 5.9 Shields


You had 9 spell levels left.
You didn't know any spells.
Your spell library was empty.

Dungeon Overview and Level Annotations

Branches:
Dungeon (8/15)             Temple (1/1) D:6           Sewer (visited)
   Lair: D:8-11

Altars:
Ashenzari
Cheibriados
Dithmenos
Elyvilon
Fedhas
Gozag
Hepliaklqana
Kikubaaqudgha
Makhleb
Nemelex Xobeh
Okawaru
Qazlal
Ru
Sif Muna
Trog
Uskayaw
Vehumet
Wu Jian
Xom
Yredelemnul
Zin
The Shining One


Innate Abilities, Weirdness & Mutations

You have a pair of horns on your head.
You reflexively headbutt those who attack you in melee.


Message History

The boulder beetle bites you but does no damage.
The boulder beetle bites you!!
The boulder beetle leaps!
You see here 12 gold pieces.
You now have 502 gold pieces (gained 12).
The boulder beetle curls into a ball and begins rolling!
Found 12 bolts.
You see here a +3 leather armour.
The boulder beetle hits you but does no damage.
The boulder beetle stops rolling and uncurls.
You see here a +0 chain mail.
You see here 23 gold pieces.
You now have 525 gold pieces (gained 23).
The boulder beetle barely misses you. You furiously retaliate!
You headbutt the boulder beetle!
The boulder beetle leaps!
A boulder beetle is nearby!
You see here a book of Misfortune.
Found a robe.
You see here a potion of haste.
p - 2 potions of haste (gained 1)
The boulder beetle bites you.
You see here 23 stones.
The boulder beetle leaps!
You see here a puce potion.
r - 2 puce potions (gained 1)
The boulder beetle curls into a ball and begins rolling!
You see here a potion of curing.
g - 7 potions of curing (gained 1)
The boulder beetle barely misses you.
The boulder beetle stops rolling and uncurls.
You see here a +0 robe.
The boulder beetle bites you!
* * * LOW HITPOINT WARNING * * *
The boulder beetle curls into a ball and begins rolling!
As you read the scroll of fear, it crumbles to dust.
You assume a fearsome visage.
The boulder beetle resists with some effort.
The boulder beetle hits you!
You die...

## ## ###. #..# #.<..
###..### #.##.
#......# #.
###...(..### #.
#....##....# #.##.
###B@..##....####....
#[○..##..##....######
#°...##..##....#####.
#..##(.##:[##..##....
#..##(.##..##..##....
#....##..##..[[##....
#..).##..##...[##....
###....##....####....
#....##....####.##.


You could see a boulder beetle (rolling).

Vanquished Creatures
  2 hydras (D:8)
  A centaur warrior (D:8)
  A two-headed ogre (D:8)
  Pikel (D:7)
  The ghost of ma3 the Cleaver, a novice BaFi (D:4)
  Joseph (D:7)
  2 hornets
  Grinder (D:4)
  A vampire (D:6)
  A wraith (D:8)
  Duvessa (D:7)
  2 water moccasins
  An orc warrior (D:8)
  5 sky beasts
  3 ogres
  A centaur (D:5)
  2 lemures (D:7)
  A kobold brigand (D:8)
  A bullfrog (D:8)
  A gnoll sergeant (D:7)
  3 scorpions
  Dowan (D:7)
  2 wights
  A centaur zombie (D:7)
  A jelly (D:4)
  3 orc priests (D:6)
  A hound (D:6)
  Crazy Yiuf (D:4)
  A bullfrog skeleton (D:5)
  An iron imp (D:8)
  3 iguanas
  3 orc wizards
  A howler monkey zombie (D:7)
  17 gnolls
  A river rat (D:3)
  9 adders
  A shadow imp (D:3)
  A worm (D:3)
  7 dart slugs
  17 orcs
  7 endoplasms
  6 giant cockroaches
  5 goblins
  11 hobgoblins
  10 jackals
  14 kobolds
  3 quokkas
  8 ball pythons
  6 bats
  5 frilled lizards
  8 rats
188 creatures vanquished.

Vanquished Creatures (others)
  A manticore (D:8)
  An ugly thing (D:8)
  A centaur (D:8)
  2 wights (D:8)
  An orc priest (D:8)
  An orc wizard (D:8)
  A white imp (D:8)
  24 plants (Sewer)
32 creatures vanquished.

Grand Total: 220 creatures vanquished

Notes
Turn   | Place    | Note
-------+----------+-------------------------------------------
     0 | D:1      | zezblit the Minotaur Berserker began the quest for the Orb.
     0 | D:1      | Reached XP level 1. HP: 19/19 MP: 0/0
   114 | D:1      | Reached skill level 4 in Axes
   114 | D:1      | Reached XP level 2. HP: 26/27 MP: 1/1
   265 | D:1      | Reached XP level 3. HP: 33/33 MP: 2/2
   516 | D:1      | Reached ** piety under Trog
  1011 | D:1      | Reached XP level 4. HP: 41/41 MP: 3/3
  1021 | D:2      | Reached skill level 5 in Axes
  1492 | D:3      | Reached XP level 5. HP: 47/47 MP: 4/4
  1624 | D:3      | Reached skill level 5 in Fighting
  1801 | D:3      | Found a glowing drain.
  1805 | Sewer    | Entered a sewer
  1833 | Sewer    | Reached *** piety under Trog
  2122 | Sewer    | Reached XP level 6. HP: 56/56 MP: 5/5
  2234 | Sewer    | Reached skill level 6 in Axes
  3110 | D:2      | Found a faded altar of an unknown god.
  3415 | D:4      | Identified the +3 helmet of Weightlessness {+Inv Str+2
                  | SInv}
  3627 | D:4      | Noticed Grinder
  3649 | D:4      | Killed Grinder
  3650 | D:4      | Reached skill level 5 in Armour
  3650 | D:4      | Reached XP level 7. HP: 44/62 MP: 6/6
  3682 | D:4      | Reached **** piety under Trog
  3683 | D:4      | Reached skill level 7 in Axes
  3768 | D:4      | Found a runed translucent gate.
  3769 | D:4      | Found a runed translucent gate.
  3770 | D:4      | Found a runed translucent gate.
  3772 | D:4      | Found an opulent altar of Gozag.
  3773 | D:4      | Noticed ma3's ghost (novice BaFi)
  4387 | D:4      | Found a runed translucent door.
  4388 | D:4      | Noticed Crazy Yiuf
  4486 | D:4      | Identified the +5 flail of Xyweixt {venom, rPois rF+ Str+3}
  4909 | D:4      | Killed ma3's ghost
  4910 | D:4      | Reached skill level 8 in Axes
  4910 | D:4      | Reached XP level 8. HP: 59/70 MP: 7/7
  5026 | D:4      | Killed Crazy Yiuf
  5092 | D:5      | Entered Level 5 of the Dungeon
  5332 | D:5      | Reached skill level 9 in Axes
  5975 | D:6      | Found a hide-covered altar of Uskayaw.
  5978 | D:6      | Noticed a +0 hand axe
  5978 | D:6      | Noticed a +0 hand axe
  6207 | D:6      | Found an ornate altar of the Wu Jian Council.
  6216 | D:6      | Noticed a spectral centipede
  6216 | D:6      | Noticed a spectral black mamba
  6265 | D:6      | Found a staircase to the Ecumenical Temple.
  6270 | Temple   | Entered the Ecumenical Temple
  6835 | D:6      | Reached XP level 9. HP: 67/79 MP: 8/8
  6955 | D:6      | Reached skill level 10 in Axes
  7388 | D:7      | Found a white marble altar of Elyvilon.
  7388 | D:7      | Found a shimmering altar of Xom.
  7452 | D:7      | Noticed Joseph
  7468 | D:7      | Killed Joseph
  7708 | D:7      | Noticed Dowan
  7708 | D:7      | Noticed Duvessa
  7720 | D:7      | Killed Duvessa
  7721 | D:7      | Reached skill level 11 in Axes
  7725 | D:7      | Killed Dowan
  7936 | D:7      | Noticed Pikel
  7962 | D:7      | Killed Pikel
  8871 | D:8      | Noticed a boulder beetle
  9218 | D:8      | Found a snail-covered altar of Cheibriados.
  9393 | D:8      | Noticed a four-headed hydra
  9393 | D:8      | Noticed a manticore
  9401 | D:8      | Reached XP level 10. HP: 85/88 MP: 9/9
  9404 | D:8      | Killed a four-headed hydra
  9405 | D:8      | Reached skill level 12 in Axes
  9409 | D:8      | Noticed a centaur warrior
  9410 | D:8      | Reached skill level 10 in Armour
  9412 | D:8      | Noticed a purple ugly thing
  9422 | D:8      | Killed a manticore
  9424 | D:8      | Killed a purple ugly thing
  9433 | D:8      | Killed a centaur warrior
  9437 | D:8      | Noticed a two-headed ogre
  9442 | D:8      | Noticed a four-headed hydra
  9445 | D:8      | Killed a two-headed ogre
  9446 | D:8      | Reached skill level 13 in Axes
  9446 | D:8      | Reached skill level 5 in Shields
  9458 | D:8      | Killed a four-headed hydra
  9777 | D:8      | Slain by a boulder beetle

Illustrated notes

Levels and vault maps discovered:
D:1:      dpeg_arrival_ternary, layout_loops_ring, minmay_three_crescents
D:2:      layout_basic, ebering_ecumenical_altar_sacrificial, st_stairs_12
D:3:      layout_rooms, gup_sewer_entry_bowl, kennysheep_nub, minmay_bisected
D:4:      layout_basic, ebering_ghost_gozag, minmay_fractal_squares_diagonal_5,
          uniq_grinder, uniq_crazy_yiuf_cottage
D:5:      layout_loops_cross, minivault_25
D:6:      layout_basic, dancing_weapons_uskayaw,
          pdpol_wu_jian_five_deadly_venoms, minmay_temple_entry_arrows,
          serial_corexii_hall, chequers_hall_statues_wall_a,
          corexii_hall_statues_x, chequers_hall_statues_wall_a
D:7:      layout_layer_cave, jmf_multi_god_temple, uniq_pikel, uniq_duvessa,
          uniq_joseph
D:8:      minmay_bloctagon, layout_basic, slow_altar_2, enter_bailey_2
Temple:   bh_familiar_temple

Skill      XL: |  1  2  3  4  5  6  7  8  9 10 |
---------------+-------------------------------+-----
Axes           | 4 5 6 8 9 11 13 | 13.1
Fighting       | 4 5 6 7 8 9 |  9.1
Armour         | 3 4 5 6 8 9 10 | 10.7
Dodging        | 3 4 |  4.4
Shields        | 2 5 |  5.9

Action                   |  1- 3 |  4- 6 |  7- 9 | 10-12 || total
-------------------------+-------+-------+-------+-------++-------
Melee: Hand axe          |    56 |   227 |    98 |       ||   381
       Headbutt          |    10 |    44 |    65 |     8 ||   127
       War axe           |       |       |   129 |       ||   129
       Flail             |       |       |     3 |    37 ||    40
Invok: Berserk           |     1 |     3 |     9 |     2 ||    15
       Trog's Hand       |       |     1 |     7 |     2 ||    10
  Use: Scroll            |       |     5 |    11 |     1 ||    17
       Potion            |       |       |       |     6 ||     6
Armor: Ring mail         |    24 |    68 |       |       ||    92
       Plate armour      |       |    16 |   155 |    47 ||   218
Dodge: Dodged            |    47 |   110 |    73 |    16 ||   246
Block: Kite shield       |       |       |    36 |    28 ||    64

Table legend: (Time is in decaauts)
 A = Elapsed time spent in this place.
 B = Non-inter-level travel time spent in this place.
 C = Inter-level travel time spent in this place.
 D = Time resting spent in this place.
 E = Time spent auto-exploring this place.
 F = Levels seen in this place.
 G = Mean time per level.
                   A        B        C        D        E       F      G
               +--------+--------+--------+--------+--------+-----+--------+
         Total |  10114 |   9742 |    372 |   2161 |   5269 |  10 | 1011.4 |
       Dungeon |   9071 |   8712 |    359 |   2111 |   4664 |   8 | 1133.9 |
        Temple |    185 |    172 |     13 |      0 |    161 |   1 |  185.0 |
         Sewer |    857 |    857 |      0 |     50 |    444 |   1 |  857.0 |
               +--------+--------+--------+--------+--------+-----+--------+

Top non-repeatable levels by time:
     D:4: 1772 daAuts
     D:7: 1658 daAuts
     D:1: 1404 daAuts
     D:6: 1251 daAuts
   Sewer: 857 daAuts
     D:8: 850 daAuts
     D:5: 831 daAuts
     D:2: 655 daAuts
     D:3: 648 daAuts
  Temple: 185 daAuts
